 Dungeon Sprint DCSS version 0.31-a0-1098-g6898e6545c (webtiles) character file.

Game seed: 8779243164670473571

2 Revguard the Ducker (level 1, 0/16 HPs)
             Began as a Demonspawn Gladiator on Nov 30, 2023.
             Slain by Jessica
             ... wielding a +0 club
              (4 damage)
             ... in the Dungeon (Sprint III: "The Ten Rune Challenge").
             The game lasted 00:00:33 (55 turns).

Revguard the Ducker (Demonspawn Gladiator)            Turns: 55, Time: 00:00:33

Health: 0/16       AC:  4    Str: 14    XL:     1   Next: 33%
Magic:  1/1        EV: 12    Int:  8    God:
Gold:   11         SH:  0    Dex: 14    Spells: 0/0 levels left

rFire   . . .        a - +0 war axe
rCold   . . .        (no shield)
rNeg    . . .        b - +0 leather armour
rPois   .            c - +0 helmet
rElec   .            (no cloak)
rCorr   .            (no gloves)
SInv    .            (no boots)
Will    .....        (no amulet)
Stlth   +            (no ring)
HPRegen 0.22/turn    (no ring)
MPRegen 0.07/turn

%: no teleportation
@: no status effects
A: no striking features
a: no special abilities


You were in the Dungeon.
You visited 1 branch You collected 11 gold pieces.

Inventory:

Hand Weapons
 a - a +0 war axe (weapon)
Missiles
 d - 3 throwing nets (quivered)
 e - a javelin
Armour
 b - a +0 leather armour (worn)
 c - a +0 helmet (worn)
Scrolls
 k - a scroll of blinking
Potions
 f - a potion of curing
 h - a potion of haste
 i - 2 potions of magic
 j - a potion of berserk rage


   Skills:
 + Level 2.2 Fighting
 + Level 2.9 Axes
 - Level 1.7 Throwing
 + Level 0.6 Armour
 + Level 2.9 Dodging
 + Level 1.1 Invocations
 + Level 0.7 Evocations


You couldn't memorise any spells.
You didn't know any spells.
Your spell library was empty.

Dungeon Overview and Level Annotations

Branches:
Dungeon (1/1)

Altars:

Annotations:
D Jessica


Message History

A rat comes into view.
The rat barely misses you.
You slash the rat!
You kill the rat!
You see here a rat corpse.
You see here a rat corpse.
You now have 11 gold pieces (gained 6).
Jessica the Apprentice Sorceress comes into view.
She is wielding a +0 club.
Jessica shouts!
Jessica points at you and mumbles some strange words.
Pain shoots through your body!
Ouch! That really hurt!
* * * LOW HITPOINT WARNING * * *
You feel much better. Jessica closely misses you.
You hit Jessica.
Jessica is severely wounded.
Jessica mumbles some strange words.
Jessica blinks!
Jessica casts a spell at you. Pain shoots through your body!
You hit Jessica but do no damage.
Jessica is severely wounded.
Jessica gestures wildly while chanting.
Jessica seems to speed up.
Jessica casts a spell.
Jessica blinks!
Jessica hits you with a +0 club. Jessica completely misses you.
You barely miss Jessica.
Jessica is severely wounded.
Jessica barely misses you. Jessica hits you with a +0 club.
You closely miss Jessica.
Jessica is severely wounded.
Jessica hits you with a +0 club.
* * * LOW HITPOINT WARNING * * *
Jessica hits you with a +0 club.
* * * LOW HITPOINT WARNING * * *
You hit Jessica.
Jessica is severely wounded.
Jessica hits you with a +0 club.
You die...

▓▓▓▓▓▓▓▓▓
▓<..#...####
▓...#...†..##
▓..##.......#
▓##.##.##...#
##.##.###..#
▓#.####.##..#
▓.###..##@@##
▓#.....##..#
###..##...#
##..##....#
#..###..##.#
#..# #..# ##
▓▓▓▓ ▓▓▓▓


You could see Jessica (fast).

Vanquished Creatures
  An endoplasm (D)
  2 rats (D)
3 creatures vanquished.

Notes
Turn   | Place    | Note
-------+----------+-------------------------------------------
     0 | D        | Revguard the Demonspawn Gladiator began the quest for the
                  | Orb.
     0 | D        | Reached XP level 1. HP: 16/16 MP: 1/1
    14 | D        | Reached skill level 1 in Invocations
    42 | D        | Noticed Jessica
    55 | D        | Slain by Jessica

Illustrated notes

Levels and vault maps discovered:
D:        dungeon_sprint_mu [sprint_mu_entry_cave, sprint_mu_temple_rooms,
          sprint_mu_d1_spiders, sprint_mu_d2_genie, sprint_mu_d3_branching,
          sprint_mu_orc_legion, sprint_mu_elf_gauntlet, sprint_mu_hive_nellie,
          sprint_mu_lair_fedhas, sprint_mu_vaults_butterflies,
          sprint_mu_slime_circle, sprint_mu_swamp_cave, sprint_mu_snake_twists,
          sprint_mu_blade_basic, sprint_mu_crypt_fortress,
          sprint_mu_tomb_spiral, sprint_mu_vestibule_basic,
          sprint_mu_gehenna_hellfire, sprint_mu_dis_giant,
          sprint_mu_tartarus_statrot, sprint_mu_cocytus_islands, sprint_mu_zot1]

Skill      XL: |  1 |
---------------+----+-----
Invocations    | 1 |  1.1
Fighting       | |  2.2
Axes           | |  2.9
Throwing       | |  1.7
Armour         | |  0.6
Dodging        | |  2.9
Evocations     | |  0.7

Action                     || total
---------------------------++-------
  Melee: War axe           ||     9
    Use: Potion            ||     1
 Armour: Leather armour    ||     5
  Dodge: Dodged            ||     6

Table legend: (Time is in decaauts)
 A = Elapsed time spent in this place.
 B = Non-inter-level travel time spent in this place.
 C = Inter-level travel time spent in this place.
 D = Time resting spent in this place.
 E = Time spent auto-exploring this place.
 F = Levels seen in this place.
 G = Mean time per level.
                   A        B        C        D        E       F      G
               +--------+--------+--------+--------+--------+-----+--------+
         Total |     57 |     57 |      0 |      0 |     18 |   1 |   57.0 |
       Dungeon |     57 |     57 |      0 |      0 |     18 |   1 |   57.0 |
               +--------+--------+--------+--------+--------+-----+--------+

Top non-repeatable levels by time:
       D: 57 daAuts
